 Dungeon Crawl Stone Soup version 0.25-a0-316-gd28d56f9c5 (webtiles) character file.

Game seed: 955500376298580095, levelgen mode: classic

162459 Borgoz the Tortoise (level 17, 0/113 HPs)
             Began as a Gargoyle Berserker on Dec 24, 2019.
             Was an Elder of Trog.
             Slain by a tyrant leech (32 damage)
             ... called by a spriggan druid
             ... on level 2 of the Swamp.
             The game lasted 01:24:16 (30293 turns).

Borgoz the Tortoise (Gargoyle Berserker)           Turns: 30293, Time: 01:24:17

Health: 0/113      AC: 36    Str: 21    XL:     17   Next: 81%
Magic:  0/17       EV: 25    Int: 10    God:    Trog [****..]
Gold:   1480       SH:  0    Dex: 19    Spells: 16/16 levels left

rFire    + . .     SeeInvis +   a - +6 great sword
rCold    + + .     Gourm    .   (shield currently unavailable)
rNeg     + + .     Faith    .   A - +1 scale mail of the Snake Pit {rF+ rC+ Dex+5}
rPois    ∞         Spirit   +   r - +1 helmet {SInv}
rElec    +         Reflect  .   s - +1 cloak of Starlight {rElec rC+ EV+4 Stlth--}
rCorr    +         Harm     .   t - +2 pair of gloves
MR       ++++.                  n - +2 pair of boots
Stlth    ..........             M - amulet of guardian spirit
HPRegen  0.28/turn              z - ring of resist corrosion
MPRegen  0.15/turn              S - ring "Atzaf" {*Corrode rN+ MR+++ Slay+5 Stlth-}

@: flying
A: big wings, negative energy resistance 1, electricity resistance, unbreathing,
petrification resistance, rot immunity, AC +12
a: Stop Flying, Berserk, Trog's Hand, Brothers in Arms, Renounce Religion


You were on level 2 of the Swamp.
You worshipped Trog.
Trog was greatly pleased with you.
You were not hungry.

You visited 4 branches of the dungeon, and saw 25 of its levels.
You visited the Abyss 2 times.
You also visited: Ice Cave and Volcano.

You collected 3898 gold pieces.
You spent 2418 gold pieces at shops.

Inventory:

Hand Weapons
 a - a +6 great sword (weapon)
 b - a +2 double sword of flaming
 y - a +4 antimagic great sword
Armour
 n - a +2 pair of boots (worn)
 r - a +1 helmet of see invisible (worn)
 s - the +1 cloak of Starlight (worn) {rElec rC+ EV+4 Stlth--}
   (You bought it in a shop on level 2 of the Orcish Mines)

   It affects your evasion (+4).
   It protects you from cold.
   It insulates you from electricity.
   It makes you much less stealthy.
 t - a +2 pair of gloves (worn)
 A - the +1 scale mail of the Snake Pit (worn) {rF+ rC+ Dex+5}
   (You found it on level 6 of the Dungeon)

   It affects your dexterity (+5).
   It protects you from fire.
   It protects you from cold.
Jewellery
 z - a ring of resist corrosion (left hand)
 G - an uncursed ring of protection from cold
 J - an uncursed ring of protection from cold
 K - an uncursed ring of poison resistance {unknown}
 M - an amulet of guardian spirit (around neck)
 S - the ring "Atzaf" (right hand) {*Corrode rN+ MR+++ Slay+5 Stlth-}
   (You took it off a skeletal warrior on level 14 of the Dungeon)

   [ring of positive energy]

   It affects your accuracy and damage with ranged weapons and melee attacks
   (+5).
   It protects you from negative energy.
   It affects your resistance to hostile enchantments.
   It may corrode you when you take damage.
   It makes you less stealthy.
Wands
 u - a wand of digging (11)
 v - a wand of paralysis (2)
 B - a wand of acid (31)
 E - a wand of iceblast (24)
 F - a wand of disintegration (57)
 I - a wand of scattershot (4)
Scrolls
 d - 2 scrolls of silence
 g - 8 scrolls of teleportation
 h - 11 scrolls of fear
 i - 15 scrolls of remove curse
 k - a scroll of blinking
 q - 7 scrolls of fog
 x - a scroll of magic mapping
 D - 2 scrolls of identify
 H - a scroll of holy word
Potions
 e - 5 potions of agility
 f - 4 potions of heal wounds
 j - 6 potions of might
 l - 3 potions of haste
 m - a potion of ambrosia
 o - 11 potions of curing
 p - 2 potions of berserk rage
 C - 3 potions of invisibility
 R - 2 potions of resistance
Comestibles
 c - 44 rations


   Skills:
 + Level 15.1 Fighting
 + Level 15.6 Long Blades
 + Level 15.7 Armour
 + Level 14.4 Dodging


You had 16 spell levels left.
You didn't know any spells.
Your spell library was empty.

Dungeon Overview and Level Annotations

Branches:
Dungeon (15/15)            Temple (0/1) D:7            Lair (6/6) D:9
  Swamp (2/4) Lair:4       Spider (0/4) Lair:3        Slime (0/5) Lair:6
    Orc (2/2) D:10            Elf (0/3) Orc:2        Vaults (0/5) D:13
 Depths (0/5) D:15          IceCv (visited)         Volcano (visited)

Altars:
Dithmenos
Kikubaaqudgha
Nemelex Xobeh
Okawaru
Qazlal
Ru
Uskayaw
Wu Jian
Xom
Yredelemnul
The Shining One
Beogh
Jiyva

Shops:
D:6 %   D:15 *   Orc:1 [   Orc:2 }[(!


Innate Abilities, Weirdness & Mutations

You are resistant to torment.
Your stone body is resilient. (AC +12)
You are immune to poison.
Your large and strong wings let you fly indefinitely.
You resist negative energy. (rN+)
You are resistant to electric shocks. (rElec)
You can survive without breathing.
You are immune to petrification.
You are immune to rotting.


Message History

* * * LOW HITPOINT WARNING * * *
The bog body completely misses you.
You riposte.
You closely miss the bog body.
The bog body is heavily damaged.
The bog body completely misses you.
You are too injured to fight recklessly!
You are too injured to fight recklessly!
Unknown command.
You are too injured to fight recklessly!
You slash the tyrant leech!
You kill the tyrant leech!
Trog accepts your kill. The alligator completely misses you.
The alligator tail-slaps you but does no damage.
Unknown command.
You slash the bog body!
The bog body is severely damaged.
The bog body barely misses you.
You riposte.
You slash the bog body!
The bog body is almost destroyed.
The bog body misses you. The tyrant leech bites you!!!
You die...

..≈..≈≈≈ ♣≈≈≈.≈≈
♣≈≈≈.. ♣♣.≈≈.♣♣ ♣
♣♣.≈≈≈..♣♣ ≈.♣
♣≈≈≈≈≈...♣.≈≈≈. .
♣♣.≈≈≈≈<≈..≈≈≈.
...≈♣♣.(t≈..♣♣≈.≈≈≈.
....≈≈)@.≈v≈.♣ ♣≈≈♣♣
......n.w....≈♣ ♣♣
≈≈≈......PP...♣
≈≈≈≈≈≈.PP≈§≈.P.♣
≈≈≈≈≈≈.P≈.≈..P.♣
≈≈≈≈≈.P≈.≈≈≈≈.P.♣
≈≈≈≈≈.P.≈≈≈≈≈≈..♣
≈≈.≈..P≈.≈≈≈≈≈P


You could see an alligator, a tyrant leech, a bog body and an insubstantial
wisp.

Vanquished Creatures
  Kirke (Swamp:1)
  Frances (Swamp:1)
  A tengu reaver (D:14)
  A cacodemon (Abyss:3)
  Aizul (Swamp:1)
  A balrug (Abyss:3)
  A reaper (Abyss:2)
  A dire elephant (Lair:3)
  A white draconian (IceCv)
  A quicksilver dragon zombie (Abyss:2)
  Josephine (D:15)
  2 vault guards (D:13)
  2 rakshasas
  A naga warrior (Abyss:2)
  11 hydras
  Erica (D:11)
  8 centaur warriors
  A dancing weapon (D:8)
  A death knight (D:11)
  4 two-headed ogres
  3 hell hogs (Abyss:3)
  2 alligators
  2 thrashing horrors
  7 orc high priests
  3 sun demons
  A deep elf knight (D:14)
  2 wretched stars (Abyss:3)
  7 slime creatures
  A skeletal warrior (D:14)
  2 sixfirhies
  A spatial maelstrom (Abyss:2)
  2 unseen horrors
  6 wizards
  A deep troll (D:14)
  A spriggan druid (Swamp:2)
  2 lindwurms (Volcano)
  8 orc knights
  10 starcursed masses
  A phantasmal warrior (Abyss:3)
  2 necromancers (D:13)
  3 deep elf magi
  The ghost of treziel the Destroyer, a novice DECj of Vehumet (D:8)
  A harpy (D:14)
  A wolf spider zombie (D:14)
  5 manticores
  3 orc sorcerers
  An oklob plant (Lair:6)
  An orb spider (shapeshifter) (D:14)
  12 ugly things
  7 cyclopes
  A worldbinder (Abyss:3)
  A moth of wrath (shapeshifter) (D:15)
  18 elephants (Lair:3)
  A salamander (shapeshifter) (D:15)
  4 black mambas
  A guardian serpent (Abyss:2)
  Maurice (D:8)
  4 molten gargoyles (Volcano)
  An ice statue (IceCv)
  4 smoke demons (Abyss:3)
  An eye of devastation (Abyss:3)
  An orange demon (Abyss:3)
  10 spiny frogs
  2 gargoyles
  A toenail golem (Volcano)
  5 large abominations
  A hellion (Abyss:3)
  9 komodo dragons
  A rime drake (shapeshifter) (D:15)
  2 ice devils (Lair:3)
  A demonic crawler (Abyss:3)
  5 efreet
  A rime drake (Lair:6)
  A queen bee (Lair:2)
  4 trolls
  2 ancient zymes
  3 meliai (D:14)
  Grinder (D:4)
  A hydra skeleton (Abyss:3)
  24 polar bears
  7 hornets
  4 tyrant leeches
  A wind drake (shapeshifter) (D:15)
  11 dream sheep (Lair:6)
  9 raiju
  8 hippogriffs
  2 blink frogs (shapeshifter)
  11 blink frogs
  The ghost of Borgoz the Slasher, an amateur GrGl (D:3)
  2 centaur simulacra (D:14)
  4 wyverns
  3 shadows
  16 spriggans
  6 wraiths
  2 vampires
  17 humans (D:13)
  57 yaks
  A ynoxinul (Abyss:2)
  Grum (D:8)
  3 basilisks
  5 fire elementals (Volcano)
  3 hogs (Swamp:1)
  2 chaos spawn
  3 neqoxecs
  5 hungry ghosts
  3 vampire mosquitoes (D:14)
  4 wargs (Orc:2)
  A spatial vortex (Abyss:2)
  A steam dragon (D:14)
  Edmund (D:4)
  3 acid dragons
  5 insubstantial wisps (Swamp:2)
  A soldier ant (D:15)
  6 swamp worms
  15 water moccasins
  38 orc warriors
  4 eyes of draining
  3 small abominations (Abyss:3)
  3 hell hounds (Abyss:3)
  8 porcupines
  3 swamp drakes (Swamp:1)
  2 sky beasts
  2 phantoms (D:9)
  6 ice beasts
  2 black bears (Lair:6)
  A black mamba simulacrum (Abyss:3)
  7 boggarts
  17 ogres
  55 wolves
  12 crocodiles
  21 centaurs
  5 big kobolds
  A gnoll sergeant (D:10)
  15 bullfrogs
  2 earth elementals
  A wyvern skeleton (D:15)
  4 scorpions
  A hornet simulacrum (D:15)
  22 wights
  43 killer bees
  4 electric eels
  6 crimson imps
  2 bullfrog zombies
  4 centaur zombies
  5 quasits
  5 jellies
  15 hounds
  7 centaur skeletons
  44 orc priests
  Crazy Yiuf (D:4)
  3 bullfrog skeletons
  34 orc wizards
  Ijyb (D:4)
  11 worker ants
  An iguana (D:9)
  4 hound zombies
  A hound skeleton (D:5)
  2 howler monkey zombies
  A worker ant zombie (D:10)
  11 adders
  4 gnolls
  6 shadow imps
  A white imp (Abyss:3)
  An ufetubus (Abyss:3)
  2 oozes
  A worm (D:2)
  4 leopard geckos
  168 orcs
  19 bats
  3 giant cockroaches
  6 goblins
  8 hobgoblins
  8 jackals (D:8)
  9 quokkas
  A ball python (D:8)
  6 frilled lizards
  18 kobolds
  An orc simulacrum (Abyss:3)
  A quokka skeleton (D:8)
  A quokka zombie (D:6)
  7 rats
  A fungus (Lair:1)
  2 plants (Lair:6)
1195 creatures vanquished.

Vanquished Creatures (others)
  An orc high priest (Orc:2)
  A spriggan (Swamp:2)
  An orc (Orc:1)
  A fire vortex (Volcano)
  9 fungi
  2 plants (Lair:6)
15 creatures vanquished.

Grand Total: 1210 creatures vanquished

Notes
Turn   | Place    | Note
-------+----------+-------------------------------------------
     0 | D:1      | Borgoz the Gargoyle Berserker began the quest for the Orb.
     0 | D:1      | Reached XP level 1. HP: 14/14 MP: 1/1
   379 | D:1      | Reached XP level 2. HP: 15/19 MP: 2/2
   719 | D:1      | Reached XP level 3. HP: 17/23 MP: 3/3
  1757 | D:2      | Reached ** piety under Trog
  1757 | D:2      | Reached XP level 4. HP: 25/28 MP: 4/4
  2062 | D:2      | Found a shadowy altar of Dithmenos.
  2220 | D:3      | Found an ancient bone altar of Kikubaaqudgha.
  2413 | D:3      | Found a sparkling altar of Nemelex Xobeh.
  2534 | D:3      | Reached XP level 5. HP: 29/32 MP: 5/5
  2612 | D:3      | Found a runed translucent gate.
  2612 | D:3      | Found a runed translucent gate.
  2612 | D:3      | Found a runed translucent gate.
  2614 | D:3      | Noticed Borgoz's ghost (amateur GrGl)
  3088 | D:4      | Noticed an ogre
  3094 | D:4      | Killed an ogre
  3330 | D:4      | Reached XP level 6. HP: 35/37 MP: 6/6
  3372 | D:4      | Noticed Ijyb
  3395 | D:4      | Killed Ijyb
  3507 | D:4      | Noticed Grinder
  3510 | D:4      | Paralysed by Grinder for 7 turns
  3519 | D:4      | Paralysed by Grinder for 2 turns
  3554 | D:4      | Killed Grinder
  3554 | D:4      | Reached skill level 5 in Long Blades
  3554 | D:4      | Reached XP level 7. HP: 5/41 MP: 7/7
  3884 | D:4      | Noticed Edmund
  3921 | D:4      | Killed Edmund
  4126 | D:4      | Reached XP level 8. HP: 44/46 MP: 8/8
  4623 | D:4      | Found a runed translucent door.
  4633 | D:4      | Noticed Crazy Yiuf
  4640 | D:4      | Killed Crazy Yiuf
  4717 | D:5      | Entered Level 5 of the Dungeon
  4743 | D:5      | Reached skill level 5 in Armour
  4743 | D:5      | Reached skill level 5 in Dodging
  4870 | D:5      | Reached *** piety under Trog
  5124 | D:5      | Found a stormy altar of Qazlal.
  5677 | D:6      | Got a pitted scale mail
  5805 | D:6      | Identified the +1 scale mail of the Snake Pit {rF+ rC+
                  | Dex+5} (You found it on level 6 of the Dungeon)
  5941 | D:5      | Reached XP level 9. HP: 45/51 MP: 9/9
  6330 | D:6      | Found Bawoepnaveh's Food Shoppe.
  6518 | D:6      | Reached **** piety under Trog
  6596 | D:7      | Found an iron altar of Okawaru.
  6596 | D:7      | Found an ornate altar of the Wu Jian Council.
  6597 | D:7      | Found a basalt altar of Yredelemnul.
  6597 | D:7      | Found a glowing golden altar of the Shining One.
  6632 | D:7      | Found a staircase to the Ecumenical Temple.
  7077 | D:7      | Reached XP level 10. HP: 43/56 MP: 10/10
  7414 | D:7      | Got a translucent morningstar
  7415 | D:7      | Identified the +6 morningstar of Trauma {antimagic, MP+9}
                  | (You found it on level 7 of the Dungeon)
  7736 | D:8      | Reached ***** piety under Trog
  7736 | D:8      | Received a gift from Trog
  7970 | D:8      | Found a runed translucent door.
  7970 | D:8      | Found a shimmering altar of Xom.
  7970 | D:8      | Noticed treziel's ghost (novice DECj)
  8013 | D:8      | Noticed Maurice
  8022 | D:8      | Killed Maurice
  8032 | D:8      | Noticed Grum
  8046 | D:8      | Killed Grum
  8222 | D:8      | Found a sacrificial altar of Ru.
  8423 | D:8      | Noticed a +1 rapier of chaos
  8633 | D:3      | Killed Borgoz's ghost
  8794 | D:9      | Received a gift from Trog
  8983 | D:9      | Found a staircase to the Lair.
  8989 | D:9      | Noticed a two-headed ogre
  9007 | D:9      | Killed a two-headed ogre
  9007 | D:9      | Reached skill level 10 in Long Blades
  9007 | D:9      | Reached XP level 11. HP: 60/60 MP: 11/11
  9609 | D:10     | Entered Level 10 of the Dungeon
  9760 | D:10     | You fall into a shaft and drop 2 floors!
  9805 | D:12     | Noticed a deep elf mage
  9808 | D:12     | Killed a deep elf mage
 10128 | D:12     | Reached skill level 5 in Fighting
 10170 | D:12     | Noticed a cyclops
 10176 | D:12     | Killed a cyclops
 10284 | D:11     | Found a runed translucent door.
 10328 | D:11     | Received a gift from Trog
 10430 | D:11     | Noticed a two-headed ogre
 10437 | D:11     | Killed a two-headed ogre
 10483 | D:11     | Found a runed translucent door.
 10498 | D:11     | Noticed an unseen horror
 10558 | D:11     | Identified the +0 chain mail "Itrud" {-Tele rElec rF-
                  | Str+7}
 10568 | D:11     | Reached skill level 10 in Dodging
 10577 | D:11     | Reached XP level 12. HP: 56/69 MP: 12/12
 10791 | D:11     | Noticed a four-headed hydra
 10799 | D:11     | Killed a one-headed hydra
 11014 | D:11     | Noticed Erica
 11026 | D:11     | Killed Erica
 11748 | D:10     | Received a gift from Trog
 12093 | D:10     | Found a staircase to the Orcish Mines.
 12171 | Orc:1    | Entered Level 1 of the Orcish Mines
 12192 | Orc:1    | Found a roughly hewn altar of Beogh.
 12256 | Orc:1    | Found Ykerph's Antique Armour Emporium.
 12359 | Orc:1    | Found a dark tunnel.
 12375 | Volcano  | Entered a volcano
 12878 | Volcano  | Reached skill level 10 in Armour
 13329 | Orc:1    | Reached XP level 13. HP: 59/79 MP: 13/13
 13702 | D:8      | Killed treziel's ghost
 13702 | D:8      | Received a gift from Trog
 13804 | Lair:1   | Entered Level 1 of the Lair of Beasts
 15020 | Lair:1   | Received a gift from Trog
 15617 | Lair:3   | Reached skill level 10 in Fighting
 15656 | Lair:3   | Found a frozen archway.
 15675 | IceCv    | Entered an ice cave
 15901 | IceCv    | Gained mutation: Your large and strong wings let you fly
                  | indefinitely. [Gargoyle growth]
 15901 | IceCv    | Reached XP level 14. HP: 76/88 MP: 14/14
 16298 | IceCv    | Received a gift from Trog
 16523 | IceCv    | Noticed a white draconian
 16536 | IceCv    | Killed a white draconian
 16638 | IceCv    | Identified Sif Muna's Grimoire of Mutagenic Dark Secrets
 16822 | Lair:3   | Noticed a dire elephant
 16846 | Lair:3   | Killed a dire elephant
 17796 | Lair:3   | Found a hole to the Spider Nest.
 18221 | Lair:4   | Found a staircase to the Swamp.
 18673 | Lair:5   | Received a gift from Trog
 19158 | Lair:6   | Entered Level 6 of the Lair of Beasts
 19442 | Lair:6   | Reached XP level 15. HP: 91/96 MP: 13/15
 19618 | Lair:6   | Received a gift from Trog
 19955 | Lair:6   | Found the +7 Kryia's mail coat {PotionHeal*2 rC+}
 20445 | Lair:6   | Found a staircase to the Slime Pits.
 20445 | Lair:6   | Found a viscous altar of Jiyva.
 21130 | D:11     | Found a roughly hewn altar of Beogh.
 21180 | D:11     | Received a gift from Trog
 21762 | D:11     | Found a glowing golden altar of the Shining One.
 22820 | D:13     | Found a runed translucent door.
 22833 | D:13     | Found a hide-covered altar of Uskayaw.
 22956 | D:13     | Received a gift from Trog
 23104 | D:13     | Cast into level 3 of the Abyss (a wizard)
 23320 | Abyss:3  | Noticed a cacodemon
 23336 | Abyss:3  | Killed a cacodemon
 23340 | Abyss:3  | Reached XP level 16. HP: 61/104 MP: 7/16
 23651 | D:13     | Escaped the Abyss
 23728 | D:13     | Found a gate to the Vaults.
 24088 | D:13     | Found a roughly hewn altar of Beogh.
 24171 | D:14     | Received a gift from Trog
 24292 | D:14     | Identified the ring "Atzaf" {*Corrode rN+ MR+++ Slay+5
                  | Stlth-}
 24453 | D:14     | Noticed a tengu reaver
 24488 | D:14     | Killed a tengu reaver
 24613 | D:14     | HP: 4/105 [very large slime creature (30)]
 25173 | D:14     | Reached skill level 15 in Long Blades
 25254 | D:14     | Received a gift from Trog
 25705 | D:15     | Entered Level 15 of the Dungeon
 25758 | D:15     | Found Ydalof Asma's Demolitions Depot.
 25852 | D:15     | Noticed Josephine
 25858 | D:15     | Reached XP level 17. HP: 102/111 MP: 8/17
 25869 | D:15     | Killed Josephine
 26340 | D:15     | Found a staircase to the Depths.
 26420 | D:15     | Reached skill level 15 in Armour
 27144 | Orc:2    | Entered Level 2 of the Orcish Mines
 27293 | Orc:2    | HP: 1/112 [orc high priest/divine providence (10)]
 27975 | Orc:2    | Found a staircase to the Elven Halls.
 28155 | Orc:2    | Found a roughly hewn altar of Beogh.
 28207 | Orc:2    | Found Farayzua's Distillery.
 28207 | Orc:2    | Found Juyboi's Weapon Shop.
 28309 | Orc:2    | Found Hago's Gadget Shop.
 28309 | Orc:2    | Found Paump's Antique Armour Shoppe.
 28600 | Orc:2    | Bought a potion of heal wounds for 75 gold pieces
 28600 | Orc:2    | Bought 2 potions of might for 120 gold pieces
 28600 | Orc:2    | Bought a potion of heal wounds for 75 gold pieces
 28600 | Orc:2    | Bought a potion of resistance for 150 gold pieces
 28600 | Orc:2    | Bought a potion of heal wounds for 75 gold pieces
 28634 | Orc:2    | Bought the +1 cloak of Starlight {rElec rC+ EV+4 Stlth--}
                  | for 1646 gold pieces
 28634 | Orc:2    | Found the +1 cloak of Starlight {rElec rC+ EV+4 Stlth--}
 28634 | Orc:2    | Bought a pair of glowing gloves for 277 gold pieces
 28933 | Swamp:1  | Entered Level 1 of the Swamp
 28962 | Swamp:1  | Noticed Frances
 28970 | Swamp:1  | Noticed Kirke
 28993 | Swamp:1  | Killed Kirke
 28993 | Swamp:1  | Received a gift from Trog
 29010 | Swamp:1  | Noticed Aizul
 29032 | Swamp:1  | Killed Aizul
 29215 | Swamp:1  | Cast into level 2 of the Abyss (Frances)
 29766 | Abyss:3  | Found a corrupted altar of Lugonu.
 29875 | Abyss:3  | Found a corrupted altar of Lugonu.
 29947 | Abyss:3  | Reached skill level 15 in Fighting
 29960 | Swamp:1  | Escaped the Abyss
 29976 | Swamp:1  | Killed Frances
 30293 | Swamp:2  | Slain by a tyrant leech

Levels and vault maps discovered:
D:1:      enne_arrival_octagon_isle, layout_rooms, serial_bayou,
          serial_bayou_lake_a, serial_bayou_shore_a, serial_bayou_ford_a,
          serial_bayou_lagoon_b
D:2:      layout_basic, nicolae_dithmenos_through_a_glass_darkly, first_ration
D:3:      layout_loops_ring, nicolae_overflow_hidden_temple, old_standard_altar,
          ebering_ghost_rock_garden
D:4:      layout_loops_ring, uniq_ijyb, uniq_crazy_yiuf_cottage, uniq_edmund,
          uniq_grinder
D:5:      layout_loops_corners, grunt_qazlal_clouds
D:6:      layout_cave_pools, serial_shops, shop
D:7:      layout_gridville, chequers_temple_overflow_statue_of_worship,
          minmay_temple_entry_grid, the_bakery, serial_park_tiny_1
D:8:      layout_cave_pools, nicolae_ru_great_annihilating_truth,
          ebering_ghost_xom, chequers_arboretum, uniq_grum, uniq_maurice
D:9:      layout_rooms, lair_entry_dummy, roderic_lattice_a,
          kennysheep_generic_room_7
D:10:     layout_layer_cave, david_orc_4, special_room [special_room_orc],
          hangedman_decor_clover_reticule
D:11:     cheibrodos_histonic, layout_long_grid, special_room
          [special_room_orc], nicolae_tso_swordbearing_angel, uniq_erica
D:12:     minmay_cornered_nines, layout_loops_ring, drop_trap,
          minmay_misc_feat_hallway
D:13:     layout_gridville, grunt_vaults_entry_tiered, basic_altar,
          moated_statue, lightli_church_of_beogh
D:14:     minmay_the_grid_square_5x5_5x5 [minmay_the_grid_square_5x5_bracketed,
          minmay_the_grid_square_5x5_percent,
          minmay_the_grid_square_5x5_minibox, minmay_the_grid_square_5x5_n,
          minmay_the_grid_square_5x5_inner_z,
          minmay_the_grid_square_5x5_fancy_junction,
          minmay_the_grid_square_5x5_prize_junk,
          minmay_the_grid_square_5x5_fat_x,
          minmay_the_grid_square_5x5_prize_deathbox,
          minmay_the_grid_square_5x5_broken_cross,
          minmay_the_grid_square_5x5_moneybag, minmay_the_grid_square_5x5_lines,
          minmay_the_grid_square_5x5_prize_monsterx,
          minmay_the_grid_square_5x5_two_walls_b,
          minmay_the_grid_square_5x5_meh, minmay_the_grid_square_5x5_v,
          minmay_the_grid_square_5x5_prize_open,
          minmay_the_grid_square_5x5_bridge,
          minmay_the_grid_square_5x5_prize_itemx,
          minmay_the_grid_square_5x5_two, minmay_the_grid_square_5x5_seven,
          minmay_the_grid_square_5x5_z, minmay_the_grid_square_5x5_eight_small,
          minmay_the_grid_square_5x5_inner_v,
          minmay_the_grid_square_5x5_shuriken], layout_loops_ring,
          lightli_minifort
D:15:     gammafunk_enter_depths_forms, layout_cave_pods, bh_walls_and_bars,
          nicolae_blasting_shop, uniq_josephine
Lair:1:   layout_chaotic_city, roderic_batcave, serial_bayou_pond_a
Lair:2:   layout_long_grid, special_room [special_room_bee],
          nicolae_quartered_pool_super
Lair:3:   mu_elephants_graveyard, layout_chaotic_city,
          spider_nest_entry_web_field, portal_ice_cave_demonic_guard
Lair:4:   layout_roguey, minmay_swamp_entry_worms, beast_lair_carwin_11,
          infiniplex_staircase_pool
Lair:5:   layout_loops_ring
Lair:6:   minmay_lair_end_enchanted_forest, layout_loops_ring, slime_altar_1,
          serial_forest, infiniplex_forest_straight_5,
          infiniplex_forest_clump_tiny, infiniplex_forest_lined_3,
          infiniplex_forest_lined_corner, infiniplex_forest_lined_ring,
          infiniplex_forest_clump_long, st_stairs_13
Swamp:1:  layout_basic_swamp, hangedman_swamp_blocks, uniq_frances, uniq_kirke,
          uniq_aizul
Swamp:2:  layout_basic_swamp, nicolae_swamp_fairy_circle, uniq_jorgrun,
          uniq_donald
Orc:1:    nicolae_orc_accident_1, layout_caves, serial_shops, shop, basic_altar,
          enter_volcano_1, nicolae_orc_damp_corner
Orc:2:    st_orc_town, layout_caves

Skill      XL: |  1  2  3  4  5  6  7  8  9 10 11 12 13 14 15 16 17 |
---------------+----------------------------------------------------+-----
Long Blades    | 3 4 5 7 8 10 11 12 13 14 15 | 15.6
Dodging        | 2 3 4 6 7 9 10 11 12 13 14 | 14.4
Armour         | 3 4 5 7 8 9 10 11 12 13 14 15 | 15.7
Fighting       | 5 8 10 11 13 14 15 | 15.1

Action                   |  1- 3 |  4- 6 |  7- 9 | 10-12 | 13-15 | 16-18 || total
-------------------------+-------+-------+-------+-------+-------+-------++-------
Melee: Falchion          |   150 |   220 |   350 |       |       |       ||   720
       Scimitar          |       |       |    97 |   523 |       |       ||   620
       Morningstar       |       |       |       |     9 |       |       ||     9
       Double sword      |       |       |       |   268 |  1418 |   635 ||  2321
       Great sword       |       |       |       |       |    75 |   593 ||   668
Throw: Throwing net      |       |       |       |       |       |     1 ||     1
Invok: Berserk           |     1 |     3 |     5 |     4 |     4 |     2 ||    19
       Trog's Hand       |       |     3 |     1 |     7 |    13 |    15 ||    39
 Abil: Fly               |       |       |       |       |     1 |       ||     1
Evoke: Wand              |       |       |       |    14 |       |     3 ||    17
  Use: Potion            |       |     1 |     1 |     1 |     1 |     3 ||     7
       Scroll            |       |       |    13 |     5 |     7 |     6 ||    31
 Stab: Invisible         |       |       |       |     1 |       |       ||     1
       Paralysed         |       |       |       |     1 |       |       ||     1
       Distracted        |       |       |       |       |     1 |       ||     1
       Confused          |       |       |       |       |       |     3 ||     3
  Eat: Chunk             |     4 |     7 |    16 |    38 |    38 |    30 ||   133
       Ration            |       |     1 |       |     1 |       |     2 ||     4
Armor: Animal skin       |    30 |       |       |       |       |       ||    30
       Plate armour      |    69 |   188 |   189 |       |       |       ||   446
       Scale mail        |       |       |    89 |   278 |   728 |   563 ||  1658
Dodge: Dodged            |    99 |    62 |   225 |   619 |  1664 |  1350 ||  4019
       Rpst.: Falchion   |    38 |    19 |    50 |       |       |       ||   107
       Scimitar          |       |       |    23 |   118 |       |       ||   141
       Double sword      |       |       |       |    61 |   371 |   136 ||   568
       Great sword       |       |       |       |       |    33 |   170 ||   203

Table legend:
 A = Non-vault XP
 B = Vault XP
 C = Vault XP percentage of total XP
 D = Non-vault monster count
 E = Vault monster count
 F = Vault count percentage of total count
                 A         B        C        D         E       F
            +---------+---------+-------+---------+---------+-------
      Total |  120258 |  111827 |  48.2 |     735 |     457 |  38.3
            +---------+---------+-------+---------+---------+-------
        D:1 |      39 |       0 |   0.0 |      18 |       0 |   0.0
        D:2 |      73 |       0 |   0.0 |      24 |       0 |   0.0
        D:3 |      83 |     243 |  74.5 |      17 |       1 |   5.6
        D:4 |     600 |     532 |  47.0 |      20 |       4 |  16.7
        D:5 |    1111 |       0 |   0.0 |      28 |       0 |   0.0
        D:6 |    1040 |       0 |   0.0 |      25 |       0 |   0.0
        D:7 |    1319 |     215 |  14.0 |      25 |       1 |   3.8
        D:8 |    2105 |    2493 |  54.2 |      49 |      11 |  18.3
        D:9 |    3590 |    1003 |  21.8 |      44 |       2 |   4.3
       D:10 |    2269 |    1152 |  33.7 |      28 |      40 |  58.8
       D:11 |    4881 |    7556 |  60.8 |      38 |      39 |  50.6
       D:12 |    3226 |    2147 |  40.0 |      15 |       3 |  16.7
       D:13 |    7032 |   11719 |  62.5 |      45 |      38 |  45.8
       D:14 |    9113 |   23636 |  72.2 |      29 |      57 |  66.3
       D:15 |    7938 |    5244 |  39.8 |      29 |      16 |  35.6
     Lair:1 |    3232 |     810 |  20.0 |      14 |      22 |  61.1
     Lair:2 |    6501 |    1070 |  14.1 |      26 |      13 |  33.3
     Lair:3 |    5690 |   10877 |  65.7 |      22 |      22 |  50.0
     Lair:4 |    2872 |     842 |  22.7 |      15 |       4 |  21.1
     Lair:5 |    2991 |       0 |   0.0 |      13 |       0 |   0.0
     Lair:6 |   10182 |    8702 |  46.1 |      40 |      45 |  52.9
    Swamp:1 |    3692 |    6555 |  64.0 |      12 |       6 |  33.3
    Swamp:2 |    2325 |       0 |   0.0 |      10 |       0 |   0.0
      Orc:1 |    3986 |    1568 |  28.2 |      35 |       4 |  10.3
      Orc:2 |    2577 |    7382 |  74.1 |      32 |      58 |  64.4
    Abyss:2 |    9855 |       0 |   0.0 |      27 |       0 |   0.0
    Abyss:3 |   21936 |       0 |   0.0 |      55 |       0 |   0.0
      IceCv |       0 |   12661 | 100.0 |       0 |      55 | 100.0
    Volcano |       0 |    5420 | 100.0 |       0 |      16 | 100.0
            +---------+---------+-------+---------+---------+-------
